 Dungeon Crawl Stone Soup version 0.24.1-4-ge52af88ad5 (webtiles) character file.

Game seed: 7740017933346099621, levelgen mode: deterministic

290 lepoulpe303 the Stinger (level 6, -9/49 HPs)
             Began as a Naga Venom Mage on Apr 16, 2020.
             Was a Priest of Cheibriados.
             Mangled by an iguana (11 damage)
             ... on level 5 of the Dungeon on Apr 17, 2020.
             The game lasted 00:23:03 (3989 turns).

lepoulpe303 the Stinger (Naga Venom Mage)           Turns: 3989, Time: 00:23:03

Health: -9/49      AC:  5    Str: 18    XL:     6   Next: 32%
Magic:  4/11       EV: 11    Int: 24    God:    Cheibriados [***...]
Gold:   104        SH:  0    Dex: 18    Spells: 2/11 levels left

rFire    . . .     SeeInvis +   c - +0 dagger
rCold    . . .     Gourm    .   (no shield)
rNeg     . . .     Faith    .   a - +0 robe
rPois    +         Spirit   .   (no helmet)
rElec    .         Reflect  .   b - +0 cloak
rCorr    .         Harm     .   x - +0 pair of gloves
MR       .....                  (no barding)
Stlth    +++.......             (no amulet)
HPRegen  0.16/turn              (no ring)
MPRegen  0.12/turn              (no ring)

@: lethally poisoned (-9 -> -10), very slow
A: large, see invisible, deformed body, poison resistance, slowness 2, slow
metabolism 1, spit poison 1, AC +2
a: Spit Poison, Bend Time, Temporal Distortion, Renounce Religion


You were on level 5 of the Dungeon.
You worshipped Cheibriados.
Cheibriados was most pleased with you.
You were not hungry.

You visited 1 branch of the dungeon, and saw 5 of its levels.

You collected 104 gold pieces.

Inventory:

Hand Weapons
 c - a +0 dagger (weapon)
Missiles
 f - 34 poisoned darts (quivered)
 k - 2 throwing nets {=f}
 y - 2 curare-tipped darts
Armour
 a - a +0 robe (worn)
 b - a +0 cloak (worn)
 x - a +0 pair of gloves (worn)
Jewellery
 m - a cursed +2 ring of protection
 A - an uncursed ring of fire {unknown}
Scrolls
 d - a scroll of enchant armour {unknown}
 i - 4 scrolls of identify
 j - a scroll of magic mapping {unknown}
 n - a scroll of teleportation {unknown}
 o - 2 scrolls of remove curse {unknown}
 q - 2 scrolls of random uselessness
 r - 2 scrolls of enchant weapon {unknown}
 t - a scroll of fog {unknown}
 u - 2 scrolls of amnesia {unknown}
 v - a scroll of noise {unknown}
Potions
 g - a potion of degeneration {unknown}
 h - a potion of curing {unknown}
 l - a potion of heal wounds {unknown}
 p - a potion of might {unknown}
 s - a potion of haste {unknown}
 w - 2 potions of brilliance
 B - a potion of cancellation {unknown}
Comestibles
 e - 6 rations


   Skills:
 + Level 2.2 Dodging
 + Level 4.2 Stealth
 * Level 3.4 Spellcasting
 + Level 2.2 Conjurations
 + Level 1.4 Air Magic
 * Level 5.6 Poison Magic
 * Level 1.6 Invocations


You had 2 spell levels left.
You knew the following spells:

 Your Spells              Type           Power        Failure   Level  Hunger
a - Sting                 Conj/Pois      ###.         1%          1    None
b - Poisonous Vapours     Pois/Air       ###...       3%          2    #......
c - Confuse               Hex            #.......     30%         3    ###....
x - Mephitic Cloud        Conj/Pois/Air  ###.....     9%          3    ###....

Your spell library contained the following spells:

 Spells                   Type           Power        Failure   Level  Hunger
 Animate Skeleton         Necr           N/A          11%         1    None
 Apportation              Tloc           #.....       11%         1    None
 Confusing Touch          Hex            #.....       11%         1    None
 Summon Small Mammal      Summ           #...         11%         1    None
 Olgreb's Toxic Radiance  Pois           ####....     11%         4    ####...
 Gell's Gravitas          Tloc           #.........   30%         3    ###....
 Venom Bolt               Conj/Pois      ###.......   50%         5    ######.
 Petrify                  Tmut/Erth      #.......     71%         4    ####...
 Metabolic Englaciation   Hex/Ice        #.........   96%         5    ######.
 Yara's Violent Unravell  Hex/Tmut       #.........   96%         5    ######.


Dungeon Overview and Level Annotations

Branches:
Dungeon (5/15)
 Temple: D:4-7

Altars:
Cheibriados
Kikubaaqudgha
Vehumet
Zin
The Shining One

Annotations:
D:4 Pikel


Innate Abilities, Weirdness & Mutations

You cannot wear boots.
Your serpentine skin is tough. (AC +2)
You have supernaturally acute eyesight. (SInv)
Armour fits poorly on your strangely shaped body.
Your system is resistant to poisons. (rPois)
You cover ground very slowly.
You have a slow metabolism.
You can spit poison.


Message History

The quokka skeleton barely misses you.
The adder skeleton bites you but does no damage.
The quokka skeleton bites you.
* * * LOW HITPOINT WARNING * * *
The adder skeleton bites you but does no damage.
You take 2 damage, and have 5/49 hp.
The adder hisses angrily.
The worker ant barely misses the orc.
The ooze hits you.
* * * LOW HITPOINT WARNING * * *
The adder skeleton misses you. The quokka skeleton misses you.
The iguana barely misses you. The ooze barely misses you.
Found a stone staircase leading up.
The adder bites you.
* * * LOW HITPOINT WARNING * * *
You are poisoned.
The adder poisons you! The adder skeleton closely misses you.
The quokka skeleton barely misses you. The adder bites you.
* * * LOW HITPOINT WARNING * * *
The iguana bites you!
You die...

##..##$#.#....#...#
#..l).###....# .##
. #............# #
.. ####.#.a.....#
... ###.......#
....####......###
...(...o...[......
......lZZ.........
......S@J.......##
.##..............#
#..........^.....
...#..<......#....
.# #.............#
#.......?.....
....<........
.........PP..


You could see an iguana, a worker ant (confused), an ooze, an adder, an orc, an
adder skeleton and a quokka skeleton.

Levels and vault maps discovered:
D:1:      dpeg_arrival_pond, layout_loops_ring
D:2:      layout_rooms, overflow_temple_1_default, tso_metal_star, first_ration
D:3:      layout_basic, nicolae_overflow_crystal_walls,
          lemuel_zombie_altar_kikubaaqudgha
D:4:      layout_rooms, kennysheep_little_box, hangedman_decor_points,
          uniq_blork_the_orc, uniq_pikel, uniq_crazy_yiuf_cottage
D:5:      layout_cave_pools, grunt_qazlal_clouds, minmay_temple_entry_overgrown,
          serial_shops, kennysheep_mini_moat

Notes
Turn   | Place    | Note
-------+----------+-------------------------------------------
     0 | D:1      | lepoulpe303 the Naga Venom Mage began the quest for the
                  | Orb.
     0 | D:1      | Reached XP level 1. HP: 15/15 MP: 3/3
    28 | D:1      | Identified a +0 dagger
    41 | D:1      | Identified a +0 club
   235 | D:1      | Reached XP level 2. HP: 18/22 MP: 1/5
   242 | D:1      | Learned a level 2 spell: Poisonous Vapours
   253 | D:1      | Identified a +0 dagger
   260 | D:1      | Identified a +0 dagger
   653 | D:1      | Reached XP level 3. HP: 28/28 MP: 6/6
   664 | D:1      | Identified a +0 club
   974 | D:1      | Identified a +0 cloak (You found it on level 1 of the
                  | Dungeon)
   994 | D:2      | Identified a +0 club
   998 | D:2      | HP: 7/28 [hobgoblin/+0 club (6)]
  1003 | D:2      | HP: 5/28 [poisoned by an adder]
  1007 | D:2      | Identified a +0 club
  1007 | D:2      | Identified a cursed +2 ring of protection
  1295 | D:2      | Found a snail-covered altar of Cheibriados.
  1295 | D:2      | Identified a +0 dagger
  1302 | D:2      | lepoulpe303: !whichgod navm
  1302 | D:2      | meem: 49 recent wins for navm: 14x Cheibriados, 8x Gozag,
                  | 6x Hepliaklqana, 5x Okawaru, 4x Vehumet, 2x Kikubaaqudgha,
                  | 2x Uskayaw, 2x Ru, 2x Sif Muna, Ashenzari, Makhleb, The
                  | Shining One, Yredelemnul
  1308 | D:2      | Became a worshipper of Cheibriados the Contemplative
  1431 | D:2      | Identified a +0 club
  1474 | D:2      | Identified a +0 long sword
  1474 | D:2      | Identified a +0 leather armour
  1512 | D:2      | Reached XP level 4. HP: 17/36 MP: 4/7
  1696 | D:2      | Identified a +0 dagger
  1785 | D:2      | Reached skill level 2 in Dodging
  1802 | D:2      | Identified a +0 short sword
  1823 | D:2      | Identified a +0 club
  1882 | D:2      | Reached * piety under Cheibriados
  1943 | D:2      | Identified a +0 club
  1943 | D:2      | Identified a +0 club
  1977 | D:2      | Learned a level 3 spell: Mephitic Cloud
  1993 | D:2      | Found a glowing golden altar of the Shining One.
  2017 | D:2      | Identified a +0 club
  2153 | D:3      | Found a glowing silver altar of Zin.
  2153 | D:3      | Identified a +0 whip
  2153 | D:3      | Identified a +0 chain mail
  2153 | D:3      | Identified a +0 dagger
  2155 | D:3      | Identified a +0 flail
  2308 | D:3      | Reached ** piety under Cheibriados
  2309 | D:3      | Reached skill level 5 in Poison Magic
  2316 | D:3      | Reached skill level 3 in Spellcasting
  2316 | D:3      | Reached XP level 5. HP: 25/42 MP: 4/9
  2521 | D:3      | Reached skill level 1 in Air Magic
  2641 | D:3      | Identified a +0 mace
  2643 | D:3      | Identified a +0 falchion
  2643 | D:3      | Identified a +0 mace
  2816 | D:3      | Identified a +0 dagger
  2822 | D:3      | Identified a +0 dagger
  2845 | D:3      | Identified a +0 pair of gloves (You found it on level 3 of
                  | the Dungeon)
  2873 | D:3      | Identified a +0 war axe
  2880 | D:3      | Identified 5 scrolls of identify
  2880 | D:3      | Identified 2 potions of brilliance
  2914 | D:3      | Identified a +0 short sword
  2917 | D:3      | Identified a +0 trident
  2917 | D:3      | Identified a +0 leather armour
  3113 | D:3      | Identified a +0 club
  3419 | D:3      | Found an ancient bone altar of Kikubaaqudgha.
  3562 | D:4      | Identified a +0 flail
  3580 | D:4      | Identified a +0 flail
  3582 | D:4      | Identified a +0 dagger
  3582 | D:4      | Identified a cursed +0 robe
  3586 | D:4      | Identified a +0 flail
  3587 | D:4      | Identified a +0 mace
  3590 | D:4      | Reached *** piety under Cheibriados
  3590 | D:4      | Reached skill level 4 in Stealth
  3590 | D:4      | Reached skill level 2 in Conjurations
  3590 | D:4      | Reached skill level 1 in Invocations
  3653 | D:4      | Identified a +0 scimitar
  3653 | D:4      | Identified a +0 robe
  3653 | D:4      | Noticed Blork the orc
  3669 | D:4      | Killed Blork the orc
  3669 | D:4      | Reached XP level 6. HP: 27/49 MP: 1/11
  3829 | D:4      | Learned a level 3 spell: Confuse
  3850 | D:4      | Identified a +2 whip of freezing
  3850 | D:4      | Identified a +0 robe
  3850 | D:4      | Noticed Pikel
  3922 | D:4      | Found a radiant altar of Vehumet.
  3962 | D:4      | You fall into a shaft and drop 1 floor!
  3962 | D:5      | Entered Level 5 of the Dungeon
  3962 | D:5      | Identified a +0 dagger
  3962 | D:5      | Identified a +0 chain mail
  3963 | D:5      | Identified a +0 whip
  3977 | D:5      | Identified 3 scrolls of random uselessness
  3982 | D:5      | HP: 10/49 [hound (3)]
  3987 | D:5      | HP: 5/49 [quokka skeleton (2)]
  3989 | D:5      | HP: 2/49 [adder (1)]
  3989 | D:5      | Mangled by an iguana

Table legend:
 A = Turns spent in this place as a percentage of turns spent in the entire game.
 B = Non-inter-level travel turns spent in this place as a percentage of non-inter-level travel turns spent in the entire game.
 C = Inter-level travel turns spent in this place as a percentage of turns spent in this place.
 D = Turns resting spent in this place as a percentage of non-inter-level travel turns spent in this place.
 E = Turns spent auto-exploring this place as a percentage of non-inter-level travel turns spent in this place.
 F = Non-inter-level travel turns spent in this place divided by the number of levels of this place that you've seen.
                   A       B       C       D       E      F
               +-------+-------+-------+-------+-------+----------------------
         Total | 100.0 | 100.0 |   5.3 |  33.9 |  42.4 | 755.6
       Dungeon | 100.0 | 100.0 |   5.3 |  33.9 |  42.4 | 755.6
               +-------+-------+-------+-------+-------+----------------------

Table legend:
 A = Kills in this place as a percentage of kills in entire the game.
 B = Kills by you in this place as a percentage of kills by you in the entire game.
 C = Kills by friends in this place as a percentage of kills by friends in the entire game.
 D = Other kills in this place as a percentage of other kills in the entire game.
 E = Experience gained in this place as a percentage of experience gained in the entire game.
 F = Experience gained in this place divided by the number of levels of this place that you have seen.
                   A       B       C       D       E      F
               +-------+-------+-------+-------+-------+----------------------
         Total | 100.0 | 100.0 |   N/A | 100.0 | 100.0 |  83.0
       Dungeon | 100.0 | 100.0 |   N/A | 100.0 | 100.0 |  83.0
               +-------+-------+-------+-------+-------+----------------------

Skill      XL: |  1  2  3  4  5 |
---------------+----------------+-----
Dodging        | 2 |  2.2
Poison Magic   | 5 |  5.6
Spellcasting   | 3 |  3.4
Air Magic      | 1 |  1.4
Stealth        | 4 |  4.2
Conjurations   | 2 |  2.2
Invocations    | 1 |  1.6

Action                   |  1- 3 |  4- 6 || total
-------------------------+-------+-------++-------
Melee: Dagger            |    72 |    57 ||   129
       Unarmed           |     1 |       ||     1
 Cast: Sting             |    37 |   103 ||   140
       Mephitic Cloud    |       |     5 ||     5
       Confuse           |       |     1 ||     1
Invok: Bend Time         |       |     1 ||     1
 Abil: Spit Poison       |     1 |       ||     1
  Use: Scroll            |       |     2 ||     2
 Stab: Sleeping          |     3 |     1 ||     4
  Eat: Chunk             |     2 |     5 ||     7
Armor: Robe              |    52 |    54 ||   106
Dodge: Dodged            |    98 |   117 ||   215

Vanquished Creatures
  Blork the orc (D:4)
  An orc wizard (D:4)
  8 adders
  An ooze (D:2)
  An adder skeleton (D:4)
  2 dart slugs
  5 leopard geckos
  14 orcs
  A ball python (D:3)
  12 bats
  A bat zombie (D:3)
  2 giant cockroaches
  10 hobgoblins
  4 jackals
  3 quokkas
  3 frilled lizards
  11 goblins
  7 kobolds
  A quokka skeleton (D:4)
  9 rats
  A rat zombie (D:3)
98 creatures vanquished.
